 Dungeon Crawl Stone Soup version 0.29-a0-866-g0545e20025 (webtiles) character file.

Game seed: 749341465756105331

1230 Conn the Magician (level 8, -16/48 HPs)
             Began as an Octopode Fire Elementalist on July 17, 2022.
             Was an Initiate of Sif Muna.
             Demolished by megeza's ghost (18 damage)
             ... on level 4 of the Dungeon.
             The game lasted 00:21:46 (6148 turns).

Conn the Magician (Octopode Fire Elementalist)      Turns: 6148, Time: 00:21:50

Health: -16/48     AC:  1    Str:  7    XL:     8   Next: 48%
Magic:  11/16      EV: 13    Int: 21    God:    Sif Muna [......]
Gold:   291        SH:  0    Dex: 13    Spells: 5/18 levels left

rFire   . . .      SeeInvis .   z - +9 falchion of Intuition {drain, rElec rCorr Int+2}
rCold   . . .      Faith    .   (no shield)
rNeg    + . .      Spirit   .   (helmet restricted)
rPois   .          Reflect  .   (no amulet)
rElec   +          Harm     .   g - ring of positive energy
rCorr   +          Rampage  .   (no ring)
Will    .....                   (no ring)
Stlth   ++++......              (no ring)
HPRegen 0.16/turn               (no ring)
MPRegen 0.15/turn               (no ring)
                                (no ring)
                                (no ring)

@: about to teleport
A: almost no armour, amphibious, 8 rings, camouflage 1, gelatinous body 1,
(nimble swimmer 1), tentacles
a: Renounce Religion


You were on level 4 of the Dungeon.
You worshipped Sif Muna.
Sif Muna was noncommittal.
You visited 1 branch of the dungeon, and saw 5 of its levels.

You collected 291 gold pieces.

Inventory:

Hand Weapons
 e - a +3 quarterstaff of chaos
 h - a +0 dagger
 y - a +2 short sword of draining
 z - the +9 falchion of Intuition (weapon) {drain, rElec rCorr Int+2}
   (You found it on level 5 of the Dungeon)

   A truly terrible weapon, it drains the life of any living foe it strikes.
   Int:       It affects your intelligence (+2).
   rElec:     It insulates you from electricity.
   rCorr:     It protects you from acid and corrosion.
Armour
 i - a +1 buckler
Jewellery
 g - a ring of positive energy (left tentacle)
Wands
 d - a wand of roots (6)
 p - a wand of flame (63)
 B - a wand of mindburst (5)
Scrolls
 b - 2 scrolls of enchant armour
 c - 5 scrolls of identify {unknown}
 f - a scroll of torment {unknown}
 j - a scroll of poison {unknown}
 k - a scroll of noise {unknown}
 m - a scroll of enchant weapon {unknown}
 o - a scroll of teleportation
 t - a scroll of fear {unknown}
 w - a scroll of magic mapping {unknown}
Potions
 a - a potion of magic
 l - a potion of brilliance
 n - a potion of mutation {unknown}
 q - a potion of degeneration {unknown}
 s - 2 potions of curing
 u - a potion of lignification {unknown}
 v - a potion of flight {unknown}
 A - a potion of ambrosia {unknown}


   Skills:
 + Level 1.0 Fighting
 + Level 0.4 Short Blades
 + Level 2.6 Staves
 + Level 2.7 Dodging
 + Level 4.2 Stealth
 - Level 0.1 Unarmed Combat
 * Level 5.9 Spellcasting
 * Level 4.3 Conjurations
 + Level 5.3 Fire Magic


You had 5 spell levels left.
You knew the following spells:

 Your Spells              Type           Power      Damage    Failure   Level
a - Foxfire               Conj/Fire      100%       2x1d9     1%          1
b - Conjure Flame         Conj/Fire      26%        6-21      4%          3
c - Inner Flame           Hex/Fire       17%        N/A       10%         3
d - Flame Wave            Conj/Fire      26%        2d7       13%         4
e - Scorch                Fire           56%        2d8       1%          2

Your spell library contained the following spells:

 Spells                   Type           Power      Damage    Failure   Level
 Slow                     Hex            24%        N/A       10%         1
 Ensorcelled Hibernation  Hex/Ice        12%        N/A       16%         2
 Passwall                 Tmut/Erth      5%         N/A       16%         2
 Confusing Touch          Hex            6%         N/A       30%         3
 Swiftness                Air            6%         N/A       30%         3
 Vampiric Draining        Necr           6%         2d6       30%         3
 Fireball                 Conj/Fire      13%        3d7       36%         5
 Iskenderun's Battlesphe  Conj           24%        2d8       41%         5
 Summon Forest            Summ/Tloc      3%         N/A       95%         5
 Summon Mana Viper        Hex/Summ       6%         N/A       95%         5
 Conjure Ball Lightning   Conj/Air       7%         3x3d6     99%         6
 Summon Cactus Giant      Summ           3%         N/A       100%        6
 Orb of Destruction       Conj           12%        9d7       100%        7


Dungeon Overview and Level Annotations

Branches:
Dungeon (5/15)
 Temple: D:4-7

Altars:
Cheibriados
Sif Muna
The Shining One

Shops:
D:1 :   D:5 (:![

Annotations:
D:4 megeza's ghost, novice OgBe
D:5 Menkaure


Innate Abilities, Weirdness & Mutations

You cannot wear most types of armour.
You are amphibious.
You can wear up to eight rings at the same time.
Your skin changes colour to match your surroundings (Stealth+).
Your rubbery body absorbs attacks. (AC +1, EV +1)
((You are camouflaged when in or above water. (Stealth+)))
You have tentacles for arms and can constrict up to eight enemies at once.


Message History

Okay, then.
Okay, then.
Unknown command.
Unknown command.
Unknown command.
The howler monkey skeleton attacks as you move away!
The howler monkey skeleton hits you. The bullfrog zombie barely misses you.
Casting: Scorch (safe; 1% risk of failure)
Confirm with . or Enter, or press ? or * to list all spells.
Okay, then.
The howler monkey skeleton attacks as you move away!
The howler monkey skeleton hits you.
* * * LOW HITPOINT WARNING * * *
Megeza's ghost is no longer more vulnerable to fire.
The bullfrog zombie hits you.
* * * LOW HITPOINT WARNING * * *
The bullfrog zombie closely misses you.
Okay, then.
Okay, then.
As you read the scroll labelled BESOAJ HUIVI, it crumbles to dust.
It is a scroll of enchant armour.
Your +0 buckler glows green for a moment.
The bullfrog zombie hits you but does no damage.
As you read the scroll labelled WUUF WUERUTACH, it crumbles to dust.
You feel strangely unstable.
It was a scroll of teleportation.
The bullfrog zombie hits you.
* * * LOW HITPOINT WARNING * * *
Okay, then.
Okay, then.
You feel better.
You hit megeza's ghost.
Megeza's ghost is moderately damaged.
Megeza's ghost closely misses you.
You slash megeza's ghost!
Your tentacle-slap misses megeza's ghost.
Megeza's ghost is heavily damaged.
Megeza's ghost hits you!
* * * LOW HITPOINT WARNING * * *
Megeza's ghost hits you!!
You die...

#..##...###############...##
#####.........#..#.#..#..(...##
.......##..)#.##.....##.###...##
#####.###..Z#.#.......#.# #....##
# #.# #...#.##.....##.#####.#.# #
#.###...(.#.......#.......... #
#.....<.(####'''###..####.### #
#.###.....Z#.....##.## #.# # #.#
#..##ZZW@....##.#####.### #####.#
#..#######.#.##..(....... ......#
#..#######...########.###
#########......ยงยง.......)....)#
...........#########.########.#
##########.#########.########.###
#.......................
############.#######....
#......(..###


You could see megeza's ghost, a bullfrog zombie and 2 howler monkey skeletons.

Vanquished Creatures
  Sigmund (D:4)
  A water moccasin (D:4)
  An ogre (D:4)
  A centaur (D:5)
  A necrophage (D:5)
  A scorpion (D:5)
  4 electric eels (D:3)
  A hound (D:4)
  A jelly (D:5)
  3 human zombies (D:4)
  Crazy Yiuf (D:3)
  2 iguanas (D:5)
  A human skeleton (D:4)
  Ijyb (D:4)
  A bullfrog skeleton (D:4)
  An orc wizard (D:5)
  11 gnolls
  4 adders
  A worm (D:2)
  2 dart slugs
  7 orcs
  2 bats
  5 endoplasms
  A giant cockroach (D:2)
  5 goblins
  A hobgoblin (D:3)
  2 quokkas
  10 ball pythons
  2 frilled lizards (D:1)
  8 kobolds
  2 orc skeletons (D:4)
  14 rats
99 creatures vanquished.

Vanquished Creatures (collateral kills)
  8 foxfires (D:3)
8 creatures vanquished.

Vanquished Creatures (others)
  276 foxfires
  A plant (D:3)
277 creatures vanquished.

Grand Total: 384 creatures vanquished

Notes
Turn   | Place    | Note
-------+----------+-------------------------------------------
     0 | D:1      | Conn the Octopode Fire Elementalist began the quest for the
                  | Orb.
     0 | D:1      | Reached XP level 1. HP: 11/11 MP: 3/3
    83 | D:1      | You fall into a shaft and drop 1 floor!
    83 | D:2      | Found a snail-covered altar of Cheibriados.
   283 | D:1      | Reached XP level 2. HP: 17/17 MP: 3/5
   315 | D:1      | Found Togomp Padeo's Book Emporium.
  1307 | D:2      | Reached XP level 3. HP: 21/21 MP: 1/6
  2081 | D:3      | Found a transporter.
  2084 | D:3      | Found a transporter.
  2173 | D:3      | Found a faded altar of an unknown god.
  2256 | D:3      | Found a glowing golden altar of the Shining One.
  2509 | D:3      | Learned a level 2 spell: Scorch
  2513 | D:3      | Learned a level 3 spell: Conjure Flame
  2514 | D:3      | Found a runed translucent door.
  2515 | D:3      | Noticed Crazy Yiuf
  2684 | D:3      | HP: 1/21 [constriction (4)]
  2718 | D:3      | Killed Crazy Yiuf
  2719 | D:3      | Reached XP level 4. HP: 27/27 MP: 0/8
  2996 | D:3      | Reached XP level 5. HP: 21/31 MP: 0/9
  3421 | D:4      | Noticed Ijyb
  3430 | D:4      | Killed Ijyb
  3595 | D:4      | Noticed Sigmund
  3601 | D:4      | Killed Sigmund
  3602 | D:4      | Reached XP level 6. HP: 24/37 MP: 3/11
  3714 | D:4      | Reached XP level 7. HP: 34/42 MP: 2/13
  3961 | D:4      | Found a runed translucent gate.
  3961 | D:4      | Found a runed translucent gate.
  3961 | D:4      | Found a runed translucent gate.
  3964 | D:4      | Noticed megeza's ghost (novice OgBe)
  3994 | D:4      | Reached skill level 1 in Staves
  4741 | D:5      | Entered Level 5 of the Dungeon
  4962 | D:5      | Found Laaju's Antique Armour Shop.
  4973 | D:5      | Identified the +9 falchion of Intuition {drain, rElec rCorr
                  | Int+2}
  4977 | D:5      | Found Kolurphin's Distillery.
  4996 | D:5      | Learned a level 3 spell: Inner Flame
  5001 | D:5      | Learned a level 4 spell: Flame Wave
  5176 | D:5      | Reached skill level 5 in Spellcasting
  5176 | D:5      | Reached skill level 5 in Fire Magic
  5176 | D:5      | Reached XP level 8. HP: 47/47 MP: 9/15
  5218 | D:5      | Found Zebrutio's Antique Weapon Emporium.
  5230 | D:5      | Found a shimmering blue altar of Sif Muna.
  5238 | D:5      | Became a worshipper of Sif Muna the Loreminder
  5255 | D:5      | Reached skill level 1 in Fighting
  5293 | D:5      | Found Vipa's Book Shoppe.
  5617 | D:5      | Noticed Menkaure
  6148 | D:4      | HP: 2/48 [megeza's ghost (12)]
  6148 | D:4      | Demolished by megeza's ghost

Illustrated notes

Levels and vault maps discovered:
D:1:      matt_arrival_los_fun, layout_loops_ring, serial_shops,
          nicolae_square_shop, minmay_rat_gold_closets
D:2:      layout_loops_ring, basic_altar, nrook_campfire
D:3:      gammafunk_steamed_eel, layout_loops_cross,
          mainiacjoe_overflow_concentric_impassable,
          shapermc_ecumenical_altar_totnotflames, uniq_crazy_yiuf_cottage
D:4:      layout_loops_ring, nicolae_ossuary_entry_catacombs,
          gammafunk_ghost_necromancy, nicolae_hexahallways, uniq_ijyb,
          uniq_sigmund
D:5:      layout_basic, lemuel_doored_altar, serial_shops, nicolae_square_shop,
          nicolae_shop_trees, shop, shop, uniq_menkaure

Skill      XL: |  1  2  3  4  5  6  7  8 |
---------------+-------------------------+-----
Conjurations   | 2 3 4 |  4.3
Stealth        | 3 4 |  4.2
Spellcasting   | 3 4 5 |  5.9
Fire Magic     | 4 5 |  5.3
Staves         | 2 |  2.6
Fighting       | 1 |  1.0
Short Blades   | |  0.4
Dodging        | |  2.7
Unarmed Combat | |  0.1

Action                   |  1- 3 |  4- 6 |  7- 9 || total
-------------------------+-------+-------+-------++-------
Melee: Unarmed           |     8 |       |       ||     8
       Constrict         |     4 |     3 |     8 ||    15
       Tentacles         |     2 |     1 |    13 ||    16
       Dagger            |    12 |       |       ||    12
       Quarterstaff      |       |     8 |    33 ||    41
       Falchion          |       |       |    12 ||    12
       Punch             |       |       |     1 ||     1
Throw: Throwing net      |       |       |     3 ||     3
 Cast: Foxfire           |    76 |    26 |    73 ||   175
       Scorch            |     4 |    10 |    14 ||    28
       Conjure Flame     |     1 |     1 |       ||     2
  Use: Potion            |     7 |       |     2 ||     9
       Scroll            |       |       |     2 ||     2
 Stab: Sleeping          |     8 |     1 |     6 ||    15
Armor: Skin              |     2 |     1 |     3 ||     6
Dodge: Dodged            |    30 |     7 |    34 ||    71

Table legend: (Time is in decaauts)
 A = Elapsed time spent in this place.
 B = Non-inter-level travel time spent in this place.
 C = Inter-level travel time spent in this place.
 D = Time resting spent in this place.
 E = Time spent auto-exploring this place.
 F = Levels seen in this place.
 G = Mean time per level.
                   A        B        C        D        E       F      G
               +--------+--------+--------+--------+--------+-----+--------+
         Total |   6141 |   6011 |    130 |    195 |   4032 |   5 | 1228.2 |
       Dungeon |   6141 |   6011 |    130 |    195 |   4032 |   5 | 1228.2 |
               +--------+--------+--------+--------+--------+-----+--------+

Top non-repeatable levels by time:
     D:3: 1707 daAuts
     D:4: 1560 daAuts
     D:1: 1139 daAuts
     D:5: 892 daAuts
     D:2: 842 daAuts
